 Dungeon Crawl Stone Soup version 0.26.1-16-g4e020e15dc (webtiles) character file.

Game seed: 17854907790167364588

312 Twinkles the Vandal (level 6, -2/41 HPs)
             Began as a Halfling Arcane Marksman on Mar 11, 2023.
             Was an Initiate of Okawaru.
             Slain by an iguana (6 damage)
             ... on level 3 of the Dungeon.
             The game lasted 00:15:48 (4857 turns).

Twinkles the Vandal (Halfling Arcane Marksman)      Turns: 4857, Time: 00:15:49

Health: -2/41      AC: 10    Str: 13    XL:     6   Next: 70%
Magic:  7/7        EV: 15    Int: 11    God:    Okawaru [......]
Gold:   166        SH:  0    Dex: 15    Spells: 6/7 levels left

rFire    + . .     SeeInvis .   a - +0 hunting sling
rCold    . . .     Faith    .   (shield restricted)
rNeg     . . .     Spirit   .   x - +2 leather armour {rF+}
rPois    .         Reflect  .   g - +1 helmet
rElec    .         Harm     .   t - +2 cloak
rCorr    .         Rampage  .   (no gloves)
Will     .....                  (no boots)
Stlth    +.........             (no amulet)
HPRegen  0.13/turn              (no ring)
MPRegen  0.10/turn              (no ring)

@: no status effects
A: small, mutation resistance 1
a: Renounce Religion


You were on level 3 of the Dungeon.
You worshipped Okawaru.
Okawaru was noncommittal.
You visited 1 branch of the dungeon, and saw 4 of its levels.

You collected 166 gold pieces.

Inventory:

Hand Weapons
 a - a +0 hunting sling (weapon)
 b - a +0 dagger
Missiles
 d - 5 sling bullets (quivered ammo)
 i - 54 stones
 B - a throwing net
Armour
 e - a +0 robe
 g - a +1 helmet (worn)
 p - a +0 leather armour
 t - a +2 cloak (worn)
 x - a +2 leather armour of fire resistance (worn)
Wands
 w - a wand of paralysis (1)
Scrolls
 j - a scroll of remove curse {unknown}
 k - a scroll of fear
 m - 2 scrolls of enchant weapon {unknown}
 o - a scroll of blinking {unknown}
 q - a scroll of magic mapping
 r - a scroll of fog {unknown}
 u - a scroll of random uselessness {unknown}
 v - a scroll of enchant armour
 y - a scroll of amnesia {unknown}
Potions
 c - a potion of curing {unknown}
 f - 2 potions of brilliance
 h - a potion of might {unknown}
 l - 2 potions of attraction
 s - 2 potions of lignification
 z - 2 potions of invisibility {unknown}
 A - a potion of flight {unknown}


   Skills:
 + Level 2.7 Fighting
 * Level 6.1 Slings
 - Level 2.4 Armour
 - Level 3.4 Dodging
 - Level 1.0 Spellcasting
 - Level 2.4 Hexes
 + Level 1.6 Invocations


You had 6 spell levels left.
You knew the following spells:

 Your Spells              Type           Power        Failure   Level
a - Corona                Hex            5%           16%         1

Your spell library contained the following spells:

 Spells                   Type           Power        Failure   Level
 Slow                     Hex            5%           24%         2
 Confusing Touch          Hex            5%           43%         3
 Inner Flame              Hex/Fire       3%           58%         3
 Portal Projectile        Hex/Tloc       6%           58%         3
 Gell's Gravitas          Tloc           0%           77%         3
 Cause Fear               Hex            2%           83%         4
 Leda's Liquefaction      Hex/Erth       1%           94%         4
 Petrify                  Tmut/Erth      0%           99%         4
 Metabolic Englaciation   Hex/Ice        1%           100%        5
 Yara's Violent Unravell  Hex/Tmut       1%           100%        5


Dungeon Overview and Level Annotations

Branches:
Dungeon (4/15)
 Temple: D:4-7

Altars:
Fedhas
Okawaru
The Shining One
Beogh

Annotations:
D:3 3 runed translucent doors, lake5's ghost, amateur GrEE


Innate Abilities, Weirdness & Mutations

You are small and have problems with some larger weapons.
You are somewhat resistant to further mutation.


Message History

You shoot a sling bullet.
The sling bullet completely misses the iguana.
The iguana bites you!
* * * LOW HITPOINT WARNING * * *
Fire: 7 sling bullets
Press: ? - help, Q - select action, (/) - cycle Shift-Dir - straight line, f/p - iguana
Aim: an iguana (almost dead, 66% to hit)
You shoot a sling bullet.
The sling bullet hits the iguana but does no damage.
The iguana is almost dead.
The iguana hisses menacingly.
The iguana barely misses you.
Fire: 6 sling bullets
Press: ? - help, Q - select action, (/) - cycle Shift-Dir - straight line, f/p - iguana
Aim: an iguana (almost dead, 66% to hit)
You shoot a sling bullet.
The sling bullet hits the iguana but does no damage.
The iguana is almost dead.
The iguana bites you.
You die...

......#.##..#
#.......#
......#..#..#
#.†.....#
########.#..#
#.......#
#....#
#.......#
##...#
#.......#
#..##
#.......# #..#
##.######
#..#########.#
###
#(>(.(.l@....#
#<#
#.############
#.# #.# #)#
#.# #.# #.#
#.# #.# #.#
#.# #.# #.#
#.######.#


You could see an iguana.

Vanquished Creatures
  An ogre (D:3)
  An orc wizard (D:3)
  Ijyb (D:3)
  3 gnolls (D:3)
  5 adders
  An ooze (D:1)
  A dart slug (D:3)
  7 worms
  2 leopard geckos (D:2)
  3 orcs (D:3)
  A giant cockroach (D:1)
  9 goblins
  12 hobgoblins
  3 jackals (D:2)
  A quokka (D:3)
  13 bats
  5 frilled lizards
  6 kobolds
  6 rats
81 creatures vanquished.

Notes
Turn   | Place    | Note
-------+----------+-------------------------------------------
     0 | D:1      | Twinkles the Halfling Arcane Marksman began the quest for
                  | the Orb.
     0 | D:1      | Reached XP level 1. HP: 12/12 MP: 2/2
    19 | D:1      | Reached skill level 1 in Fighting
    34 | D:1      | Reached XP level 2. HP: 15/18 MP: 3/3
   424 | D:1      | Reached skill level 1 in Armour
   439 | D:1      | Reached XP level 3. HP: 23/23 MP: 4/4
  1441 | D:2      | Reached XP level 4. HP: 11/28 MP: 5/5
  1453 | D:2      | HP: 8/28 [poisoned by an adder]
  1769 | D:2      | Reached skill level 4 in Slings
  2701 | D:2      | Found a blossoming altar of Fedhas.
  2704 | D:2      | Found a glowing golden altar of the Shining One.
  2708 | D:2      | Found an iron altar of Okawaru.
  2774 | D:2      | Became a worshipper of Warmaster Okawaru
  2849 | D:2      | Reached XP level 5. HP: 13/34 MP: 6/6
  3068 | D:3      | Noticed Ijyb
  3073 | D:3      | Paralysed by Ijyb for 4 turns
  3081 | D:3      | Paralysed by Ijyb for 3 turns
  3093 | D:3      | Paralysed by Ijyb for 5 turns
  3105 | D:3      | Killed Ijyb
  3692 | D:3      | Found a runed translucent gate.
  3692 | D:3      | Found a runed translucent gate.
  3692 | D:3      | Found a runed translucent gate.
  3695 | D:3      | Noticed lake5's ghost (amateur GrEE)
  3841 | D:3      | Reached skill level 5 in Slings
  3920 | D:3      | Noticed an ogre
  4134 | D:3      | Reached XP level 6. HP: 40/40 MP: 7/7
  4203 | D:3      | Identified the +2 whip "Kisoc" {protect, Dex+4}
  4212 | D:3      | Found a roughly hewn altar of Beogh.
  4372 | D:3      | Reached skill level 1 in Invocations
  4534 | D:3      | Killed an ogre
  4535 | D:3      | Reached skill level 6 in Slings
  4855 | D:3      | HP: 3/41 [iguana (12)]
  4857 | D:3      | Slain by an iguana

Illustrated notes

Levels and vault maps discovered:
D:1:      co_arrival_hall_of_pillars, layout_basic,
          hangedman_decor_clover_reticule, minmay_tetromino_o2
D:2:      layout_loops_ring, grunt_temple_overflow_diamond
D:3:      layout_basic, biasface_ghost_orc_armoury, uniq_ijyb
D:4:      layout_cave_pools, lemuel_temple_firewalk_b, serial_co_window_serial,
          co_window_corner_a, co_window_paths_a, co_window_paths_a,
          co_window_of_opportunity_a, co_window_of_opportunity_a,
          co_window_of_opportunity_a, co_window_paths_a, co_window_corner_b,
          co_window_corner_ca, co_window_unsneaky_path_a,
          co_window_unsneaky_path_b, co_window_of_opportunity_b,
          co_window_2corner, co_window_paths_d, glass_columns_c,
          glass_columns_a, sigmund_army, uniq_sigmund

Skill      XL: |  1  2  3  4  5  6 |
---------------+-------------------+-----
Fighting       | 1 2 |  2.7
Armour         | 1 2 |  2.4
Slings         | 4 5 6 |  6.1
Dodging        | 3 |  3.4
Invocations    | 1 |  1.6
Spellcasting   | |  1.0
Hexes          | |  2.4

Action                   |  1- 3 |  4- 6 || total
-------------------------+-------+-------++-------
Melee: Dagger            |    34 |    25 ||    59
       Unarmed           |     1 |       ||     1
 Fire: Hunting sling     |   101 |   266 ||   367
 Cast: Corona            |       |     1 ||     1
  Use: Scroll            |       |     6 ||     6
Armor: Robe              |    23 |       ||    23
       Leather armour    |     1 |    39 ||    40
Dodge: Dodged            |    89 |   148 ||   237
